 Dungeon Crawl Stone Soup version 0.20.0-15-g7f486f2 (webtiles) character file.

9545 anfisbena the Fighter (level 11, -5/79 HPs)
             Began as a Gargoyle Fire Elementalist on June 26, 2017.
             Was a Believer of Hepliaklqana.
             Slain by a large abomination (6 damage)
             ... on level 2 of the Abyss.
             The game lasted 00:32:26 (14152 turns).

anfisbena the Fighter (Gargoyle Fire Elementalist) Turns: 14152, Time: 00:32:26

Health: -5/79      AC: 25    Str: 12    XL:     11   Next: 48%
Magic:  9/17       EV:  2    Int: 15    God:    Hepliaklqana [**....]
Gold:   525        SH:  0    Dex:  8    Spells: 3/18 levels left

rFire    . . .     SeeInvis .   a - +2 flail (drain)
rCold    . . .     Gourm    .   (no shield)
rNeg     + + +     Faith    .   (armour currently unavailable)
rPois    ∞         Spirit   .   (helmet currently unavailable)
rElec    .         Reflect  .   (cloak currently unavailable)
rCorr    .         Harm     .   (gloves currently unavailable)
MR       .....     NoTele   +   (boots currently unavailable)
Stlth    ++........             (no amulet)
Regen    0.0/turn               (no ring)
MPRegen  0.2/turn               (no ring)

@: tree-form, hasted, very quick
A: reduced essence, thin skeletal structure 1, blurry vision 1, [clumsy 2],
[dopey 2], [frail 2], negative energy resistance 1, sense surroundings 1,
[inhibited regeneration], evolution 1, petrification resistance, [no potion heal
2], rot immunity, AC +7
a: Recall Ancestor, Ancestor Identity, Renounce Religion


You were on level 2 of the Abyss.
You worshipped Hepliaklqana.
Hepliaklqana was pleased with you.
You were not hungry.
You were a tree.
You visited 2 branches of the dungeon, and saw 11 of its levels.
You visited the Abyss 1 time.

You collected 525 gold pieces.

Inventory:

Hand Weapons
 a - a +2 flail of draining (weapon)
Missiles
 C - 107 arrows (quivered)
Armour
 o - a cursed +0 pair of gloves (melded)
 x - a +1 cloak (melded)
 D - a +2 leather armour of fire resistance (melded)
Wands
 F - a wand of scattershot (2/9)
 I - a wand of acid (7/15)
Scrolls
 e - 11 scrolls of remove curse
 h - 2 scrolls of recharging
 j - 5 scrolls of teleportation
 k - a scroll of fear
 l - 4 scrolls of magic mapping
 p - 2 scrolls of immolation
 y - 2 scrolls of enchant armour
 E - 3 scrolls of enchant weapon
Potions
 d - 2 potions of mutation
 i - a potion of invisibility
 m - 3 potions of might
 r - a potion of brilliance {unknown}
 s - a potion of ambrosia {unknown}
 t - a potion of magic
 v - a potion of heal wounds {unknown}
Books
 b - a book of Flames

   Spells                             Type                      Level
   a - Flame Tongue                   Conjuration/Fire             1
   b - Throw Flame                    Conjuration/Fire             2
   c - Conjure Flame                  Conjuration/Fire             3
   d - Inner Flame                    Hexes/Fire                   3
   e - Sticky Flame                   Conjuration/Fire             4
   f - Fireball                       Conjuration/Fire             5
 w - a book of Changes

   Spells                             Type                      Level
   a - Beastly Appendage              Transmutation                1
   b - Sticks to Snakes               Transmutation                2
   c - Spider Form                    Transmutation/Poison         3
   d - Ice Form                       Ice/Transmutation            4
   e - Blade Hands                    Transmutation                5
 z - a book of Beasts

   Spells                             Type                      Level
   a - Summon Butterflies             Summoning                    1
   b - Call Canine Familiar           Summoning                    3
   c - Summon Ice Beast               Ice/Summoning                4
   d - Summon Mana Viper              Hexes/Summoning              5
   e - Summon Hydra                   Summoning                    7
 A - a book of Geomancy

   Spells                             Type                      Level
   a - Sandblast                      Earth                        1
   b - Passwall                       Transmutation/Earth          2
   c - Stone Arrow                    Conjuration/Earth            3
   d - Petrify                        Transmutation/Earth          4
   e - Lee's Rapid Deconstruction     Earth                        5
Comestibles
 c - 6 bread rations
 f - 5 fruits
 g - 6 meat rations
 u - 6 royal jellies


   Skills:
 + Level 11.7 Fighting
 * Level 2.2 Armour
 * Level 2.1 Dodging
 - Level 2.1 Stealth
 * Level 4.2 Spellcasting
 - Level 6.0 Conjurations
 - Level 4.0 Transmutations
 + Level 10.5 Fire Magic
 - Level 3.0 Invocations


You had 3 spell levels left.
You knew the following spells:

 Your Spells              Type           Power        Failure   Level  Hunger
a - Flame Tongue          Conj/Fire      ####.        1%          1    None
b - Throw Flame           Conj/Fire      ####..       1%          2    ##.....
c - Conjure Flame         Conj/Fire      ####....     1%          3    ###....
d - Sticky Flame          Conj/Fire      ####....     6%          4    ####...
e - Sticks to Snakes      Tmut           ###.....     4%          2    ##.....
f - Inner Flame           Hex/Fire       ###.....     6%          3    ###....


Dungeon Overview and Level Annotations

Branches:
Dungeon (10/15)            Temple (1/1) D:7             Orc (0/2) D:10
   Lair: D:8-11

Altars:
Ashenzari
Cheibriados
Dithmenos
Elyvilon
Fedhas
Gozag
Hepliaklqana
Kikubaaqudgha
Makhleb
Okawaru
Qazlal
Ru
Sif Muna
Trog
Uskayaw
Vehumet
Xom
Yredelemnul
Zin
The Shining One

Shops:
D:6 !!(!   D:7 *

Annotations:
D:10 4 runed doors, Sonja


Innate Abilities, Weirdness & Mutations

You are resistant to torment.
((Your stone body is resilient. (AC +7)))
You are immune to poison.
You resist negative energy. (rN+)
((You are resistant to electric shocks. (rElec)))
((You can survive without breathing.))
You are immune to petrification.
You are immune to rotting.
Your life essence is reduced. (-10% HP)
((You have sharp toenails.))
You have a somewhat thin skeletal structure. (Dex +2, Stealth)
Scrolls take you a little longer to read.
((Your flesh is cold resistant. (rC+)))
You passively map a small area around you.
((You are covered in fur. (AC +1)))
You evolve.
[You are very clumsy. (Dex -4)]
[You are very dopey. (Int -4)]
[You are very frail. (-20% HP)]
[You do not regenerate when monsters are visible.]
[Potions are poor at restoring your health.]


Message History

The large abomination hits you but does no damage.
Uxmal barely misses the large abomination.
The large abomination hits you!
* * * LOW HITPOINT WARNING * * *
It was a potion of haste.
You feel yourself speed up.
Uxmal hits the large abomination but does no damage.
Okay, then.
Okay, then.
Really read with blurry vision while enemies are nearby?
The large abomination hits you but does no damage.
You begin reading the scroll.
You continue reading the scroll.
As you read the scroll of fear, it crumbles to dust.
You assume a fearsome visage.
The wretched star is unaffected.
The large abomination is unaffected.
Uxmal is unaffected.
The thrashing horror is unaffected.
Really read with blurry vision while enemies are nearby?
Uxmal hits the large abomination with a flail!
The large abomination hits you.
You die...

.. ## .#. .§ .#
##. ## # .....#
#. .##. ..#.#
#...#...
##.#..X# .#.#
#.. #R♣# .. # .
####*.# ...#.#..
#.. X.# . .
.#.###... #. .
... .#..... #..#
#.. ....#... #
.#.X.###...###..
.. # . .##.. §#
.. #..#.# ... .
#


You could see the friendly Uxmal the knight, a wretched star, a thrashing horror
and a large abomination.

Vanquished Creatures
  A two-headed ogre (D:6)
  An unseen horror (D:8)
  2 hippogriffs (D:9)
  4 hogs (D:7)
  7 yaks
  A water moccasin (D:10)
  2 black bears
  3 ice beasts
  2 orc warriors
  A phantom (D:6)
  A necrophage (D:9)
  3 sky beasts
  3 ogres
  2 centaurs
  5 bullfrogs
  4 scorpions
  5 killer bees (D:10)
  3 wights (D:6)
  A vampire bat (D:5)
  A howler monkey (D:5)
  A crimson imp (D:7)
  2 centaur zombies
  A bullfrog zombie (D:9)
  A hound (D:4)
  2 jellies
  10 orc priests
  3 bullfrog skeletons
  2 centaur skeletons
  An iguana (D:7)
  Crazy Yiuf (D:2)
  Ijyb (D:5)
  5 orc wizards
  4 worker ants
  3 hound skeletons
  2 howler monkey skeletons
  3 gnolls (D:6)
  9 adders
  4 shadow imps
  2 oozes
  2 adder skeletons
  2 worms
  A dart slug (D:1)
  3 fire bats (D:5)
  3 leopard geckos
  51 orcs
  2 spectral bats (D:5)
  3 bat skeletons (D:5)
  A bat zombie (D:5)
  7 giant cockroaches
  9 goblins
  11 hobgoblins
  7 jackals
  4 quokkas
  A ball python (D:1)
  12 bats
  A bat simulacrum (D:5)
  2 frilled lizards
  7 kobolds
  A leopard gecko skeleton (D:4)
  A quokka skeleton (D:6)
  4 rats (D:1)
244 creatures vanquished.

Vanquished Creatures (collateral kills)
  A two-headed ogre (D:10)
  A centaur skeleton (D:10)
  A hippogriff (D:9)
  2 yaks
  A human (D:7)
  A sky beast (D:9)
  2 orc warriors
  An ice beast (D:10)
  2 black bears
  A centaur (D:10)
  A wyvern skeleton (D:10)
  2 crimson imps (D:10)
  2 orc wizards
  A hound (D:10)
  A worker ant (D:4)
  A shadow imp (D:10)
  7 orcs
28 creatures vanquished.

Vanquished Creatures (others)
  4 ancestors
  A knight (Abyss:2)
  5 starspawn tentacles (Abyss:2)
10 creatures vanquished.

Grand Total: 282 creatures vanquished

Notes
Turn   | Place    | Note
-------+----------+-------------------------------------------
     0 | D:1      | anfisbena the Gargoyle Fire Elementalist began the quest for the Orb.
     0 | D:1      | Reached XP level 1. HP: 10/10 MP: 3/3
   277 | D:1      | Reached XP level 2. HP: 4/15 MP: 0/5
   866 | D:1      | Reached XP level 3. HP: 19/19 MP: 4/6
  1645 | D:1      | Learned a level 2 spell: Throw Flame
  1649 | D:1      | Learned a level 3 spell: Conjure Flame
  2160 | D:2      | Found a runed door.
  2206 | D:2      | Reached XP level 4. HP: 20/24 MP: 7/7
  2422 | D:2      | Noticed Crazy Yiuf
  2443 | D:2      | Killed Crazy Yiuf
  2576 | D:3      | Found a hide-covered altar of Uskayaw.
  2576 | D:3      | Noticed a dagger
  2577 | D:3      | Noticed a dagger
  2739 | D:3      | Found a glowing golden altar of the Shining One.
  2756 | D:3      | Found a basalt altar of Yredelemnul.
  2870 | D:3      | Found a deep blue altar of Sif Muna.
  3261 | D:4      | Reached XP level 5. HP: 22/28 MP: 8/8
  3458 | D:4      | Reached skill level 5 in Fire Magic
  3609 | D:4      | Reached XP level 6. HP: 23/32 MP: 6/9
  4075 | D:5      | Entered Level 5 of the Dungeon
  4260 | D:5      | Noticed Ijyb
  4287 | D:5      | Killed Ijyb
  4713 | D:5      | Reached skill level 5 in Conjurations
  4775 | D:5      | Reached XP level 7. HP: 27/36 MP: 10/10
  5481 | D:6      | Found Intab's Distillery.
  5481 | D:6      | Found Nuezoh's Weapon Boutique.
  5556 | D:5      | Reached skill level 1 in Fighting
  5674 | D:6      | Reached skill level 2 in Fighting
  5925 | D:6      | Reached skill level 3 in Fighting
  5925 | D:6      | Reached XP level 8. HP: 40/46 MP: 6/11
  5984 | D:6      | Reached skill level 4 in Fighting
  6063 | D:6      | Found Tiredgh's Distillery.
  6416 | D:6      | Found Cyteitucad's Distillery.
  6447 | D:6      | Found an opulent altar of Gozag.
  6491 | D:6      | Reached skill level 5 in Fighting
  6597 | D:6      | Found a deep blue altar of Sif Muna.
  6740 | D:6      | Reached skill level 6 in Fighting
  6854 | D:6      | Found a deep blue altar of Sif Muna.
  7023 | D:7      | Found a burning altar of Makhleb.
  7029 | D:7      | Found a sacrificial altar of Ru.
  7029 | D:7      | Found a bloodstained altar of Trog.
  7103 | D:7      | Found a blossoming altar of Fedhas.
  7119 | D:7      | Reached skill level 7 in Fighting
  7119 | D:7      | Reached XP level 9. HP: 9/57 MP: 1/12
  7530 | D:7      | Found a shattered altar of Ashenzari.
  7788 | D:7      | Found Criug's Commerce Corner.
  7859 | D:7      | Reached skill level 8 in Fighting
  8036 | D:6      | Gained mutation: Your flesh is cold resistant. (rC+) [potion of mutation]
  8036 | D:6      | Gained mutation: You have sharp toenails. [potion of mutation]
  8162 | D:6      | Noticed a two-headed ogre
  8176 | D:6      | Killed a two-headed ogre
  8176 | D:6      | Reached skill level 9 in Fighting
  8251 | D:7      | Found a staircase to the Ecumenical Temple.
  8281 | Temple   | Entered the Ecumenical Temple
  8446 | Temple   | Became a worshipper of Hepliaklqana the Forgotten
  8583 | D:7      | Reached skill level 10 in Fighting
  8583 | D:7      | Reached XP level 10. HP: 40/61 MP: 7/13
  9017 | D:7      | Learned a level 4 spell: Sticky Flame
  9079 | D:8      | Learned a level 2 spell: Sticks to Snakes
  9964 | D:8      | Killed an unseen horror
  9969 | D:8      | Learned a level 3 spell: Inner Flame
 11295 | D:9      | Gained mutation: You have a somewhat thin skeletal structure. (Dex +2, Stealth) [mutagenic meat]
 11296 | D:9      | Gained mutation: [You are dopey. (Int -2)] [mutagenic meat]
 11297 | D:9      | Gained mutation: You evolve. [mutagenic meat]
 11298 | D:9      | Lost mutation: [You are dopey. (Int -2)] [mutagenic meat]
 11507 | D:9      | Reached skill level 11 in Fighting
 11539 | D:9      | Reached skill level 1 in Transmutations
 11599 | D:9      | Found an iron altar of Okawaru.
 11647 | D:9      | Reached skill level 10 in Fire Magic
 11866 | D:9      | Reached * piety under Hepliaklqana
 12140 | D:9      | Reached skill level 1 in Invocations
 12338 | D:10     | Entered Level 10 of the Dungeon
 12338 | D:10     | Noticed a two-headed ogre
 12367 | D:9      | Reached XP level 11. HP: 66/66 MP: 9/17
 12459 | D:10     | Found a runed door.
 12519 | D:10     | Found a runed gate.
 12543 | D:10     | Found a staircase to the Orcish Mines.
 12653 | D:10     | Killed a two-headed ogre
 13114 | D:9      | Gained mutation: You passively map a small area around you. [evolution]
 13255 | D:10     | Reached skill level 1 in Armour
 13420 | D:10     | Reached ** piety under Hepliaklqana
 13421 | D:10     | Remembered your ancestor Uxmal as a knight
 13585 | D:10     | Found a runed gate.
 13585 | D:10     | Found a runed gate.
 13627 | D:10     | Noticed a white ugly thing
 13984 | D:10     | Noticed Sonja
 13987 | D:10     | Cast into level 2 of the Abyss (Sonja)
 14055 | Abyss:2  | Noticed a tentacled starspawn
 14065 | Abyss:2  | Noticed a large abomination
 14071 | Abyss:2  | Gained mutation: You are covered in fur. (AC +1) [a neqoxec]
 14072 | Abyss:2  | Noticed a tentacled starspawn
 14072 | Abyss:2  | Gained mutation: Scrolls take you a little longer to read. [a neqoxec]
 14075 | Abyss:2  | Noticed a starcursed mass
 14091 | Abyss:2  | Noticed a starcursed mass
 14093 | Abyss:2  | Noticed a thrashing horror
 14099 | Abyss:2  | Noticed a thrashing horror
 14130 | Abyss:2  | HP: 1/68 [thrashing horror (4)]
 14141 | Abyss:2  | Noticed a wretched star
 14148 | Abyss:2  | HP: 1/79 [large abomination (8)]
 14152 | Abyss:2  | Slain by a large abomination

Skill      XL: |  1  2  3  4  5  6  7  8  9 10 11 |
---------------+----------------------------------+-----
Conjurations   | 2 3 4 5 6 |  6.0
Fire Magic     | 4 5 6 7 9 10 | 10.5
Fighting       | 3 7 10 11 | 11.7
Spellcasting   | 4 |  4.2
Transmutations | 3 4 |  4.0
Invocations    | 1 3 |  3.0
Armour         | 2 |  2.2
Dodging        | 2 |  2.1
Stealth        | |  2.1

Action                   |  1- 3 |  4- 6 |  7- 9 | 10-12 || total
-------------------------+-------+-------+-------+-------++-------
Melee: Unarmed           |    35 |       |       |       ||    35
       Mace              |     8 |       |       |       ||     8
       Rapier            |    17 |     4 |       |       ||    21
       Quarterstaff      |       |    21 |       |       ||    21
       Flail             |       |   101 |   172 |   101 ||   374
       Kick              |       |       |       |    22 ||    22
 Cast: Flame Tongue      |    64 |    37 |   164 |   264 ||   529
       Conjure Flame     |       |       |     1 |     6 ||     7
       Throw Flame       |       |       |       |     2 ||     2
Invok: Ancestor Identity |       |       |       |     1 ||     1
       Recall Ancestor   |       |       |       |     1 ||     1
       Ancestor Life: Kn |       |       |       |     1 ||     1
  Use: Scroll            |     3 |     5 |       |     7 ||    15
       Potion            |       |       |     5 |     4 ||     9
 Stab: Sleeping          |     3 |     4 |       |       ||     7
       Distracted        |       |       |       |     1 ||     1
  Eat: Chunk             |     5 |     9 |    15 |    22 ||    51
Armor: Robe              |    39 |    41 |       |       ||    80
       Leather armour    |       |    65 |   176 |   192 ||   433
       Skin              |       |       |    16 |    14 ||    30
Dodge: Dodged            |    89 |   143 |   214 |   179 ||   625
